 Seeded DCSS version 0.28.0-56-g4927b6849a (webtiles) character file.

Game seed: 4150196362260988057 (custom seed)

2 djent the Skirmisher (level 1, 18/18 HPs)
             Began as a Mummy Cinder Acolyte on Jan 30, 2023.
             Was a High Priest of Ignis.
             Quit the game on level 1 of the Dungeon.
             The game lasted 00:01:10 (167 turns).

djent the Skirmisher (Mummy Cinder Acolyte)          Turns: 167, Time: 00:01:10

Health: 18/18      AC:  2    Str: 17    XL:     1   Next: 33%
Magic:  2/2        EV: 11    Int: 13    God:    Ignis [*****.]
Gold:   15         SH:  0    Dex:  7    Spells: 2/2 levels left

rFire   . . .      SeeInvis .   a - -1 spear (flame)
rCold   + . .      Faith    .   (no shield)
rNeg    + + +      Spirit   .   b - +0 robe
rPois   ∞          Reflect  .   (no helmet)
rElec   .          Harm     .   (no cloak)
rCorr   .          Rampage  .   (no gloves)
Will    .....                   (no boots)
Stlth   +.........              (no amulet)
HPRegen 0.06/turn               (no ring)
MPRegen 0.08/turn               (no ring)

@: no status effects
A: cold resistance 1, negative energy resistance 3, torment resistance 2, heat
vulnerability 1, no potions
a: Renounce Religion, Fiery Armour, Foxfire Swarm, Rising Flame


You were on level 1 of the Dungeon.
You worshipped Ignis.
Ignis was extremely pleased with you.
You visited 1 branch of the dungeon, and saw 1 of its levels.

You collected 15 gold pieces.

Inventory:

Hand Weapons
 a - a -1 spear of flaming (weapon)
Armour
 b - a +0 robe (worn)
Scrolls
 c - 2 scrolls of identify {unknown}


   Skills:
 + Level 3.0 Fighting
 + Level 2.4 Polearms
 + Level 1.4 Spellcasting
 + Level 2.4 Fire Magic


You had 2 spell levels left.
You didn't know any spells.
Your spell library contained the following spells:

 Spells                   Type           Power      Damage    Failure   Level
 Scorch                   Fire           14%        2d5       14%         2


Dungeon Overview and Level Annotations

Branches:
Dungeon (1/15)

Altars:

Shops:
D:1 =


Innate Abilities, Weirdness & Mutations

You are immune to poison.
Your flesh is cold resistant. (rC+)
You are immune to negative energy. (rN+++)
You are immune to unholy pain and torment.
You are vulnerable to heat. (rF-)
You do not drink.


Message History

Welcome, djent the Mummy Cinder Acolyte.
Game seed: 4150196362260988057 (custom seed)
The flames of Ignis gently warm you.
Press ? for a list of commands and other information.
Found a staircase leading out of the dungeon.
Found 15 gold pieces.
Found 18 stones.
You now have 15 gold pieces.
You see here 18 stones.
Found 21 arrows and a leather armour.
Found a short sword.
As you open the door, it creaks loudly!
Found 17 bolts.
There is an open door here.
Found a scroll labelled KYDENG OGGIM and a viscous puce potion.
Found a robe.
c - a scroll labelled KYDENG OGGIM An endoplasm comes into view.
You don't know any spells.
Okay, then.
You reach to attack!
The helpless endoplasm fails to defend itself.
You hit the endoplasm. You burn the endoplasm.
The endoplasm is heavily wounded.
You hit the endoplasm. You burn the endoplasm.
You kill the endoplasm!
Found a scroll labelled KYDENG OGGIM.
c - 2 scrolls labelled KYDENG OGGIM (gained 1)
Found a stone staircase leading down.
Found Vahubi's Jewellery Shop.
Found an escape hatch in the floor.
A hobgoblin comes into view.
There is an escape hatch in the floor here.
You reach to attack!
You closely miss the hobgoblin. You hit the hobgoblin. You burn the hobgoblin.
You kill the hobgoblin!
No target in view!
There is an entrance to Vahubi's Jewellery Shop here.
You can access your shopping list by pressing '$'.
Are you sure you want to abandon this character and quit the game? (Confirm with "yes".)

## ########### ..
#### #.........#
#.##..#####.#########
#..>8................
#.##.###.############
#># #.# #.# #.#
#.##@###.# #........#
####8.#### #..# ####


There were no monsters in sight!

Vanquished Creatures
  An endoplasm (D:1)
  A hobgoblin (D:1)
2 creatures vanquished.

Notes
Turn   | Place    | Note
-------+----------+-------------------------------------------
     0 | D:1      | djent the Mummy Cinder Acolyte began the quest for the Orb.
     0 | D:1      | Reached XP level 1. HP: 18/18 MP: 2/2
   121 | D:1      | Found Vahubi's Jewellery Shop.
   167 | D:1      | Quit the game

Illustrated notes

Levels and vault maps discovered:
D:1:      dpeg_cavernosity, layout_loops_ring, serial_shops, shop, shop_statue,
          shop

Action                   || total
-------------------------++-------
Melee: Spear             ||     4
 Stab: Sleeping          ||     1
